 Dungeon Crawl Stone Soup version 0.28.0-53-g5a82cb258f (webtiles) character file.

Game seed: 630867036312322375

88 funkygono the Firebug (level 4, 0/24 HPs)
             Began as a Gargoyle Fire Elementalist on July 12, 2022.
             Slain by an orc
             ... wielding a +0 whip
              (2 damage)
             ... on level 3 of the Dungeon.
             The game lasted 00:04:17 (3050 turns).

funkygono the Firebug (Gargoyle Fire Elementalist)  Turns: 3050, Time: 00:04:17

Health: 0/24       AC: 18    Str: 11    XL:     4   Next: 53%
Magic:  1/8        EV: 10    Int: 18    God:
Gold:   50         SH:  0    Dex: 14    Spells: 2/9 levels left

rFire   + . .      SeeInvis .   b - +0 whip
rCold   . . .      Faith    .   (no shield)
rNeg    + . .      Spirit   .   i - +8 ring mail of Piaxoth {Dex+4}
rPois   ∞          Reflect  .   h - +0 helmet
rElec   +          Harm     .   (no cloak)
rCorr   .          Rampage  .   (no gloves)
Will    .....                   k - +0 pair of boots
Stlth   +.........              (no amulet)
HPRegen 0.08/turn               e - ring of protection from fire
MPRegen 0.11/turn               (no ring)

@: no status effects
A: sickness immunity, AC +3, negative energy resistance 1, electricity
resistance, torment resistance 1, petrification resistance
a: no special abilities


You were on level 3 of the Dungeon.
You visited 1 branch of the dungeon, and saw 3 of its levels.

You collected 50 gold pieces.

Inventory:

Hand Weapons
 b - a +0 whip (weapon)
 d - a +1 short sword of holy wrath
Armour
 a - a +0 robe
 h - a +0 helmet (worn)
 i - the +8 ring mail of Piaxoth (worn) {Dex+4}
   (You found it on level 2 of the Dungeon)

   Dex:       It affects your dexterity (+4).
 k - a +0 pair of boots (worn)
Jewellery
 e - a ring of protection from fire (left hand)
Scrolls
 j - 3 scrolls of identify
Potions
 g - a potion of magic


   Skills:
 + Level 0.3 Fighting
 + Level 0.3 Armour
 + Level 1.9 Dodging
 + Level 2.3 Stealth
 + Level 3.1 Spellcasting
 + Level 1.9 Conjurations
 + Level 3.6 Fire Magic


You had 2 spell levels left.
You knew the following spells:

 Your Spells              Type           Power      Damage    Failure   Level
a - Foxfire               Conj/Fire      48%        2x1d6     13%         1
b - Scorch                Fire           30%        2d7       13%         2
c - Flame Wave            Conj/Fire      12%        2d6       77%         4

Your spell library contained the following spells:

 Spells                   Type           Power      Damage    Failure   Level
 Beastly Appendage        Tmut           4%         N/A       36%         1
 Wereblood                Tmut           2%         N/A       52%         2
 Conjure Flame            Conj/Fire      12%        6-21      36%         3
 Inner Flame              Hex/Fire       9%         N/A       50%         3
 Call Canine Familiar     Summ           2%         N/A       75%         3
 Portal Projectile        Hex/Tloc       4%         N/A       75%         3
 Spider Form              Tmut/Pois      2%         N/A       75%         3
 Leda's Liquefaction      Hex/Erth       1%         N/A       98%         4


Dungeon Overview and Level Annotations

Branches:
Dungeon (3/15)

Altars:


Innate Abilities, Weirdness & Mutations

You are immune to sickness and miasma.
Your stone body is resilient. (AC +3)
You are immune to poison.
You resist negative energy. (rN+)
You are resistant to electric shocks. (rElec)
You are resistant to unholy torment.
You are immune to petrification.


Message History

Confirm with . or Enter, or press ? or * to list all spells.
You conjure some foxfire!
Casting: Foxfire (safe; 13% risk of failure)
Confirm with . or Enter, or press ? or * to list all spells.
You conjure some foxfire!
The foxfire hits the orc.
The orc is severely wounded.
The foxfire hits the orc.
You kill the orc!
Your foxfire dissipates!
An orc priest comes into view. It is wielding a +0 club.
Casting: Foxfire (safe; 13% risk of failure)
Confirm with . or Enter, or press ? or * to list all spells.
You conjure some foxfire!
The orc priest shouts!
Your magical contamination has completely faded away.
Casting: Foxfire (safe; 13% risk of failure)
Confirm with . or Enter, or press ? or * to list all spells.
You don't have enough magic to cast this spell.
Your foxfire dissipates!
The foxfire hits the orc priest.
The orc priest is lightly wounded.
The foxfire hits the orc priest.
The orc priest is moderately wounded.
The orc priest calls down the wrath of Beogh upon you.
Pain shoots through your body!
Casting: Foxfire (safe; 13% risk of failure)
Confirm with . or Enter, or press ? or * to list all spells.
You conjure some foxfire!
The orc priest begins to cast a cantrip, but forgets the words!
Unknown command.
The orc shouts!
You hear a shout!
The foxfire hits the orc priest.
The orc priest is moderately wounded.
The orc priest calls down the wrath of Beogh upon you.
Beogh smites you!
Ouch! That really hurt!
* * * LOW HITPOINT WARNING * * *
The orc shouts!
The orc hits you with a +0 whip.
You die...

##............<.(. #####
###÷...#####.....##. #
...######....#.##....##..###
#.###...##...##.#o##.#.###...##
...##.#.)####.o.#....# ##.... ###
#.##.....####..#.#.########. ..#
##......)...............## #.
..###.......(...#o......###..###.
......##.###....@.####### ##.....
..######(#.....#.## #####. ..#
###.....### #( ###
#.....############### #.
#.......<...........# #.
#.....#############.###. #.....#
#..... #.....# ###### #######


You could see an orc wizard and 2 orcs.

Vanquished Creatures
  2 adders (D:3)
  A worm (D:2)
  A dart slug (D:2)
  3 orcs (D:3)
  3 bats
  5 endoplasms
  3 goblins
  2 hobgoblins (D:1)
  12 jackals
  3 quokkas
  3 ball pythons
  4 frilled lizards
  9 kobolds
  5 rats
56 creatures vanquished.

Vanquished Creatures (collateral kills)
  7 foxfires (D:1)
7 creatures vanquished.

Vanquished Creatures (others)
  145 foxfires
  16 plants (D:1)
161 creatures vanquished.

Grand Total: 224 creatures vanquished

Notes
Turn   | Place    | Note
-------+----------+-------------------------------------------
     0 | D:1      | funkygono the Gargoyle Fire Elementalist began the quest
                  | for the Orb.
     0 | D:1      | Reached XP level 1. HP: 10/10 MP: 3/3
   271 | D:1      | Reached XP level 2. HP: 15/15 MP: 3/5
   807 | D:1      | Reached XP level 3. HP: 17/19 MP: 1/6
  1098 | D:1      | Learned a level 2 spell: Scorch
  1424 | D:2      | Identified the +8 ring mail of Piaxoth {Dex+4}
  2243 | D:2      | Reached XP level 4. HP: 23/24 MP: 3/8
  2629 | D:2      | Learned a level 4 spell: Flame Wave
  2854 | D:3      | Noticed a kobold brigand
  3050 | D:3      | Slain by an orc

Illustrated notes

Levels and vault maps discovered:
D:1:      eino_arrival_tree_alley, layout_loops_cross
D:2:      layout_loops_cross
D:3:      layout_rooms, minivault_5, minmay_increasing_density,
          uniq_crazy_yiuf_cottage

Skill      XL: |  1  2  3  4 |
---------------+-------------+-----
Spellcasting   | 3 |  3.1
Fighting       | |  0.3
Armour         | |  0.3
Dodging        | |  1.9
Stealth        | |  2.3
Conjurations   | |  1.9
Fire Magic     | |  3.6

Action                   |  1- 3 |  4- 6 || total
-------------------------+-------+-------++-------
Melee: Unarmed           |    12 |       ||    12
       Club              |    34 |       ||    34
       Whip              |       |     8 ||     8
 Cast: Foxfire           |    72 |    20 ||    92
       Scorch            |     6 |     2 ||     8
  Use: Scroll            |       |     4 ||     4
Armor: Robe              |    17 |       ||    17
       Ring mail         |     9 |     3 ||    12
Dodge: Dodged            |    49 |     8 ||    57
